 Dungeon Crawl Stone Soup version 0.17.1-1-g73c8601 (webtiles) character file.

21990 Chiseanne the Unseen (level 12, -4/53 HPs)
             Began as a Spriggan Assassin on Dec 29, 2015.
             Was an Initiate of Gozag.
             Slain by a human (6 damage)
             ... on level 13 of the Dungeon.
             The game lasted 01:10:01 (18612 turns).

Chiseanne the Unseen (Spriggan Assassin)           Turns: 18612, Time: 01:10:01

Health: -4/53      AC:  4    Str:  7    XL:     12   Next: 59%
Magic:  22/24      EV: 31    Int: 14    God:    Gozag
Gold:   904        SH:  0    Dex: 21    Spells: 3 memorised, 18 levels left

rFire  . . .     SeeInvis +     a - +2 dagger (venom)
rCold  . . .     Clarity  .     F - +0 robe {MR+}
rNeg   . . .     SustAt   .     (shield restricted)
rPois  .         Gourm    .     (helmet restricted)
rElec  .         Spirit   .     d - +1 cloak
rCorr  +         Warding  .     (gloves unavailable)
rMut   .         Stasis   .     (boots unavailable)
MR     +++..                    k - amulet of resist corrosion
Stlth  ++++......               j - ring of stealth
                                v - ring of invisibility

@: contaminated, glowing, invisible (but backlit and visible), very quick,
extremely resistant to hostile enchantments, stealthy
A: unfitting armour, see invisible, herbivore 3, speed 3, slow metabolism 2
a: Potion Petition, Call Merchant, Bribe Branch, Renounce Religion, Turn Visible


You were on level 13 of the Dungeon.
You worshipped Gozag.
Gozag was noncommittal.
You were full.

You visited 2 branches of the dungeon, and saw 14 of its levels.
You also visited: Bailey.

You collected 2692 gold pieces.
You spent 1159 gold pieces at shops.
You paid 629 gold pieces to Gozag.

Inventory:

Hand Weapons
 a - a +2 dagger of venom (weapon)
 s - a +2 quarterstaff of chaos
 w - a +0 blowgun
Missiles
 e - 66 tomahawks of returning (quivered)
 l - 109 bolts
 J - 21 poisoned needles
Armour
 d - a +1 cloak (worn)
 q - a +1 robe of the Archmagi
 F - a +0 robe of magic resistance (worn)
Jewellery
 c - an uncursed ring of poison resistance
 j - a ring of stealth (right hand)
 k - an amulet of resist corrosion (around neck)
 v - a ring of invisibility (left hand)
 z - an uncursed ring of positive energy
 E - an uncursed ring of protection from magic
Wands
 A - a wand of digging (8)
 D - a wand of teleportation (4)
 G - a wand of disintegration (9)
 K - a wand of disintegration (14)
 P - a wand of lightning (7)
Scrolls
 o - 7 scrolls of teleportation
 r - a scroll of amnesia
 y - 2 scrolls of fog
 B - 3 scrolls of remove curse
 Q - a scroll of silence
Potions
 b - 2 potions of might
 f - 6 potions of magic
 h - 4 potions of heal wounds
 i - a potion of brilliance {unknown}
 m - 2 potions of cure mutation
 n - 5 potions of curing
 t - a potion of ambrosia {unknown}
 u - a potion of resistance {unknown}
 x - 3 potions of agility
 H - a potion of berserk rage {unknown}
 I - 3 potions of haste
 L - 3 potions of cancellation
 M - a potion of flight {unknown}
Books
 p - a book of Hinderance

   Spells                             Type                      Level
   a - Confusing Touch                Hexes                        2
   b - Confuse                        Hexes                        3
   c - Gell's Gravitas                Hexes/Translocation          3
   d - Petrify                        Transmutation/Earth          4
   e - Metabolic Englaciation         Hexes/Ice                    5
 C - a book of Changes

   Spells                             Type                      Level
   a - Beastly Appendage              Transmutation                1
   b - Sticks to Snakes               Transmutation                2
   c - Spider Form                    Transmutation/Poison         3
   d - Ice Form                       Ice/Transmutation            4
   e - Blade Hands                    Transmutation                5
 O - a Young Poisoner's Handbook

   Spells                             Type                      Level
   a - Sting                          Conjuration/Poison           1
   b - Cure Poison                    Poison                       2
   c - Mephitic Cloud                 Conjuration/Poison/Air       3
   d - Olgreb's Toxic Radiance        Poison                       4
   e - Venom Bolt                     Conjuration/Poison           5
Miscellaneous
 N - a stone of tremors
Comestibles
 g - 4 bread rations


   Skills:
 - Level 1.5 Fighting
 - Level 4.2 Short Blades
 - Level 2.0 Throwing
 - Level 12.7 Dodging
 - Level 18.4 Stealth
 - Level 7.7 Spellcasting
 - Level 7.5 Hexes
 + Level 13.8 Evocations


You had 18 spell levels left.
You knew the following spells:

 Your Spells              Type           Power        Failure   Level  Hunger
a - Confuse               Hex            ####....     1%          3    ##.....
b - Cure Poison           Pois           #.........   24%         2    None
c - Mephitic Cloud        Conj/Pois/Air  #.......     47%         3    ##.....


Dungeon Overview and Level Annotations

Branches:
Dungeon (13/15)            Temple (1/1) D:5            Lair (0/8) D:9
    Orc (0/4) D:9
 Vaults: D:13-14

Altars:
Ashenzari
Cheibriados
Dithmenos
Elyvilon
Fedhas
Gozag
Kikubaaqudgha
Makhleb
Nemelex Xobeh
Okawaru
Qazlal
Ru
Sif Muna
Trog
Vehumet
Xom
Yredelemnul
Zin
The Shining One

Shops:
D:4 :   D:5 (   D:10 :?:=[[

Annotations:
D:4 Clownie's ghost, novice OpMo
D:9 Ivanskos's ghost, novice DDFi
D:10 exclusion: ice statue
D:12 flt's ghost, journeyman HOMo


Innate Abilities, Weirdness & Mutations

You are tiny and cannot use many weapons and most armour.
You have supernaturally acute eyesight.
You are a herbivore.
You cover ground extremely quickly.
You need consume almost no food.


Message History

The human completely misses you.
You hit the wizard.
The wizard looks even sicker.
The wizard is lightly wounded.
The wizard barely misses you. The human misses you.
The human completely misses you.
You hit the wizard but do no damage.
The wizard is moderately wounded.
The human completely misses you. The human closely misses you.
The human misses you. The wizard completely misses you.
You fade into invisibility!
You are contaminated with residual magic.
You feel quite a bit less full. The human completely misses you.
The human misses you. The human completely misses you.
The wizard gestures at you while chanting.
The crystal spear hits you!
Ouch! That really hurt!
* * * LOW HITPOINT WARNING * * *
The human hits you.
You die...
Your body crumbles into a pile of gold.

$ ############# #########
#[....#...(?#.##.......#
#.#[....'.$p.:#.#...###...
#.#..⌠..'@.p..#...#.....#.
#.#...).'.pp..# #...###...
#.#.....#.....# ##.## ##..
#.##'''###+++##.##.# ###
##.#.....# #.##.#
#..'.....# $#.##.#
#..'..⌠..# #.##.#
#..'....)#$ #.##.#
#..#.....#$ #.##.##


You could see a wizard and 3 humans.

Vanquished Creatures
  5 skeletal warriors (D:12)
  4 hill giants
  A necromancer (D:13)
  An orc knight (Bailey)
  A cyclops (D:11)
  An ugly thing (D:12)
  3 centaur zombies
  A gargoyle (D:10)
  A troll (D:13)
  Prince Ribbit (D:7)
  Sigmund (D:4)
  13 humans (D:13)
  4 wyverns
  19 yaks
  A hungry ghost (D:11)
  2 hippogriffs (D:9)
  A soldier ant (D:13)
  A steam dragon (D:13)
  3 porcupines (D:9)
  3 vampire mosquitoes (D:13)
  A mottled dragon (D:13)
  A water moccasin (D:10)
  4 orc warriors
  2 sky beasts (D:13)
  2 ice beasts
  A necrophage (D:7)
  3 phantoms
  An eye of draining (D:9)
  9 ogres
  13 centaurs
  A crocodile (D:13)
  5 big kobolds
  Blork the orc (D:6)
  A gnoll sergeant (D:9)
  A wyvern zombie (D:11)
  6 giant frogs
  A water moccasin zombie (D:9)
  6 scorpions
  A water moccasin skeleton (D:7)
  4 wights (D:7)
  13 killer bees
  A wasp zombie (D:6)
  A quasit (D:11)
  3 jellies
  2 crimson imps
  9 hounds
  Crazy Yiuf (D:3)
  7 orc priests
  2 giant frog skeletons
  A hell rat (D:9)
  2 centaur skeletons
  6 iguanas
  12 orc wizards
  7 worker ants
  Natasha (thrice) (D:4)
  A hound zombie (D:9)
  A hound skeleton (D:6)
  26 gnolls
  A river rat (D:9)
  2 shadow imps
  12 adders
  A white imp (D:4)
  An ooze (D:4)
  An adder zombie (D:5)
  An adder skeleton (D:5)
  7 worms
  38 orcs
  3 ball pythons
  6 bats
  3 giant cockroaches
  20 hobgoblins
  11 jackals
  11 quokkas
  8 giant geckos
  3 giant newts
  6 goblins
  A goblin zombie (D:4)
  2 hobgoblin zombies (D:4)
  30 kobolds
  2 kobold skeletons (D:4)
  An orc skeleton (D:4)
  An orc zombie (D:4)
  7 rats
408 creatures vanquished.

Vanquished Creatures (others)
  A wight (D:7)
  An orc wizard (D:4)
2 creatures vanquished.

Grand Total: 410 creatures vanquished

Notes
Turn   | Place    | Note
--------------------------------------------------------------
     0 | D:1      | Chiseanne the Spriggan Assassin began the quest for the Orb.
     0 | D:1      | Reached XP level 1. HP: 10/10 MP: 2/2
    75 | D:1      | Reached skill level 6 in Stealth
   516 | D:1      | Reached XP level 2. HP: 14/14 MP: 3/3
   843 | D:2      | Reached skill level 7 in Stealth
   938 | D:2      | Reached XP level 3. HP: 11/18 MP: 4/4
  1165 | D:2      | Found an ancient bone altar of Kikubaaqudgha.
  1432 | D:2      | Reached skill level 8 in Stealth
  1473 | D:2      | Reached XP level 4. HP: 22/22 MP: 5/5
  2876 | D:3      | Reached skill level 9 in Stealth
  2938 | D:3      | Reached XP level 5. HP: 25/25 MP: 6/6
  3420 | D:3      | Noticed Crazy Yiuf
  3424 | D:3      | Killed Crazy Yiuf
  3848 | D:4      | Noticed Sigmund
  3852 | D:4      | Reached XP level 6. HP: 22/30 MP: 7/7
  3990 | D:4      | Reached skill level 10 in Stealth
  4139 | D:4      | Killed Sigmund
  4139 | D:4      | Reached skill level 5 in Dodging
  4173 | D:4      | Reached XP level 7. HP: 33/33 MP: 8/8
  4273 | D:4      | Noticed a phantom
  4527 | D:4      | HP: 1/33 [phantom (7)]
  4543 | D:4      | Noticed Clownie's ghost (novice OpMo)
  4861 | D:4      | Noticed Natasha
  4864 | D:4      | Killed Natasha
  5091 | D:4      | Reached skill level 11 in Stealth
  5250 | D:4      | Found a glowing golden altar of the Shining One.
  5328 | D:4      | Found Doacuot's Book Shoppe.
  5371 | D:4      | Noticed Natasha
  5377 | D:4      | Killed Natasha
  5462 | D:4      | Noticed Natasha
  5469 | D:4      | Killed Natasha
  5613 | D:5      | Entered Level 5 of the Dungeon
  5617 | D:5      | Found Vuthradaow's Antique Weapon Shop.
  5837 | D:5      | Reached skill level 12 in Stealth
  5846 | D:5      | Found a staircase to the Ecumenical Temple.
  5854 | Temple   | Entered the Ecumenical Temple
  6069 | D:5      | Reached XP level 8. HP: 32/37 MP: 9/9
  7214 | D:6      | Reached skill level 13 in Stealth
  7269 | D:6      | Found a white marble altar of Elyvilon.
  7648 | D:6      | Noticed Blork the orc
  7655 | D:6      | Killed Blork the orc
  7858 | D:6      | Noticed a moth of wrath
  7861 | D:6      | Found a bloodstained altar of Trog.
  8258 | D:7      | Reached skill level 14 in Stealth
  8303 | D:7      | Reached skill level 10 in Dodging
  8338 | D:7      | Reached XP level 9. HP: 41/41 MP: 10/10
  8458 | D:7      | Noticed Prince Ribbit
  8459 | D:7      | Found an opulent altar of Gozag.
  8467 | D:7      | Became a worshipper of Gozag Ym Sagoz the Greedy
  8606 | D:7      | Killed Prince Ribbit
  8606 | D:7      | Reached skill level 15 in Stealth
  9488 | D:8      | Reached skill level 16 in Stealth
  9510 | D:8      | Found a deep blue altar of Sif Muna.
  9830 | D:8      | Reached skill level 17 in Stealth
  9894 | D:8      | Reached XP level 10. HP: 35/46 MP: 11/11
 10259 | D:9      | Found a staircase to the Orcish Mines.
 10277 | D:9      | Found a staircase to the Lair.
 10827 | D:9      | Reached skill level 18 in Stealth
 10993 | D:9      | Noticed Ivanskos's ghost (novice DDFi)
 11970 | D:10     | Entered Level 10 of the Dungeon
 11973 | D:10     | Bought a book of Hinderance for 220 gold pieces
 11977 | D:10     | Learned a level 3 spell: Confuse
 12033 | D:10     | Reached skill level 1 in Spellcasting
 12033 | D:10     | Reached skill level 1 in Hexes
 12087 | D:10     | Found Risubbeo's Armour Boutique.
 12100 | D:10     | Found Egyips's Armour Emporium.
 12116 | D:10     | Found Inoth's Jewellery Shop.
 12119 | D:10     | Bought a cursed ring of loudness for 67 gold pieces
 12131 | D:10     | Noticed a hill giant
 12217 | D:10     | Found Homawnoa's Magic Scroll Shoppe.
 12227 | D:10     | Bought a scroll of identify for 30 gold pieces
 12254 | D:10     | Found a blossoming altar of Fedhas.
 12274 | D:10     | Found a flagged portal.
 12293 | Bailey   | Entered a bailey
 12586 | Bailey   | Noticed an orc knight
 13162 | Bailey   | Killed an orc knight
 13325 | D:10     | Killed a hill giant
 13461 | D:10     | Found Ocozo's Book Boutique.
 13680 | D:10     | Reached XP level 11. HP: 37/49 MP: 3/19
 13974 | D:10     | Reached skill level 5 in Spellcasting
 14046 | D:10     | Bought a +0 robe of magic resistance for 115 gold pieces
 14381 | D:10     | Reached skill level 5 in Hexes
 14504 | D:10     | Bought a scroll of torment for 112 gold pieces
 14504 | D:10     | Bought a scroll of teleportation for 45 gold pieces
 14504 | D:10     | Bought a scroll of teleportation for 45 gold pieces
 14504 | D:10     | Bought a scroll of teleportation for 45 gold pieces
 14504 | D:10     | Bought a scroll of fog for 30 gold pieces
 14607 | D:11     | Found a glowing silver altar of Zin.
 14877 | D:11     | Noticed a hill giant
 14884 | D:11     | Killed a hill giant
 16512 | D:10     | Bought an uncursed ring of invisibility for 450 gold pieces
 16581 | D:11     | Reached skill level 1 in Evocations
 16641 | D:12     | Noticed flt's ghost (journeyman HOMo)
 16883 | D:12     | Noticed a skeletal warrior
 16883 | D:12     | Noticed a skeletal warrior
 16894 | D:12     | Noticed a skeletal warrior
 16894 | D:12     | Noticed a skeletal warrior
 16897 | D:12     | Noticed a skeletal warrior
 16898 | D:12     | Killed a skeletal warrior
 16898 | D:12     | Reached skill level 5 in Evocations
 16900 | D:12     | Killed a skeletal warrior
 16903 | D:12     | Killed a skeletal warrior
 16904 | D:12     | Killed a skeletal warrior
 16908 | D:12     | Killed a skeletal warrior
 17050 | D:12     | Noticed a hill giant
 17082 | D:12     | Killed a hill giant
 17217 | D:12     | Reached XP level 12. HP: 53/53 MP: 24/24
 17315 | D:12     | Reached skill level 10 in Evocations
 18275 | D:13     | Learned a level 2 spell: Cure Poison
 18279 | D:13     | Learned a level 3 spell: Mephitic Cloud
 18611 | D:13     | HP: 2/53 [wizard/crystal spear (51)]
 18612 | D:13     | Slain by a human

Action                   |  1- 3 |  4- 6 |  7- 9 | 10-12 || total
-------------------------+-------+-------+-------+-------++-------
Melee: Dagger            |    38 |   106 |   245 |   584 ||   973
       Quarterstaff      |       |     3 |   115 |    72 ||   190
 Fire: Blowgun           |    17 |    51 |    41 |    28 ||   137
Throw: Throwing net      |       |     1 |     1 |     1 ||     3
       Tomahawk          |       |       |    12 |    24 ||    36
 Cast: Confuse           |       |       |       |    69 ||    69
Invok: Call Merchant     |       |       |       |     1 ||     1
 Abil: Evoke Invisibilit |       |       |       |     5 ||     5
Evoke: Wand              |       |       |     3 |    10 ||    13
  Use: Scroll            |     9 |       |     9 |     8 ||    26
       Potion            |       |       |     2 |     1 ||     3
 Stab: Sleeping          |     7 |    10 |    44 |    61 ||   122
       Distracted        |     1 |     1 |    10 |    14 ||    26
       Petrified         |       |       |     4 |     2 ||     6
       Paralysed         |       |       |     3 |       ||     3
       Petrifying        |       |       |     2 |       ||     2
       Confused          |       |       |       |    29 ||    29
       Invisible         |       |       |       |    17 ||    17
  Eat: Pizza             |       |     1 |       |     1 ||     2
       Bread ration      |       |       |     1 |     1 ||     2
       Fruit             |       |       |       |    12 ||    12
